 Dungeon Crawl Stone Soup version 0.29-a0-789-g7a8fcbc185 (webtiles) character file.

Game seed: 8463374336496718685

570943 gruber the Acrobat (level 25, -7/145 HPs)
             Began as a Spriggan Hunter on July 2, 2022.
             Was the Champion of Okawaru.
             Killed from afar by an orb of fire (43 damage)
             ... with a fireball
             ... on level 1 of the Realm of Zot on July 3, 2022.
             The game lasted 02:00:09 (67465 turns).

gruber the Acrobat (Spriggan Hunter)               Turns: 67465, Time: 02:00:09

Health: -7/145     AC: 17    Str:  7    XL:     25   Next: 64%
Magic:  0/46       EV: 64    Int: 24    God:    Okawaru [******]
Gold:   5451       SH:  0    Dex: 36    Spells: 35/60 levels left

rFire   . . .      SeeInvis +   N - +11 shortbow of Wymev {speed, rPois rC+ Int+6}
rCold   + + +      Faith    .   (shield currently unavailable)
rNeg    + . .      Spirit   +   U - +4 skin of Zhor {*Englaciate rC+++ SInv}
rPois   +          Reflect  .   s - +2 hat of the Bear Spirit {Spirit, *Rage Will++}
rElec   +          Harm     .   J - +2 cloak of Compression {Int+4 Dex+3}
rCorr   .          Rampage  .   (gloves unavailable)
Will    +++++      Rage     20% (boots unavailable) Stlth **++++++++
                                Y - amulet of magic regeneration
HPRegen 0.34/turn               l - ring of Rezyti {rElec Dex+6 Stlth+}
MPRegen 0.70/turn               L - ring of Seozat {rN+ AC+4}

@: heroic, studying Staves, very quick
A: very small, no large weapons, unfitting armour, see invisible, speed 3
}: 3/15 runes: decaying, serpentine, silver
a: Renounce Religion, Heroism, Finesse, Duel


You were on level 1 of the Realm of Zot.
You worshipped Okawaru.
Okawaru was exalted by your worship.
You visited 11 branches of the dungeon, and saw 48 of its levels.
You also visited: Ice Cave and Wizlab.

You collected 7458 gold pieces.
You spent 2007 gold pieces at shops.

Inventory:

Hand Weapons
 h - the +11 arbalest of Altruism {elec, MP+9 Str+3 Stlth+}
   (Okawaru gifted it to you on level 4 of the Snake Pit)

   Any ammunition fired from it occasionally discharges a powerful burst of
   electricity upon striking a foe.
   Str:       It affects your strength (+3).
   MP:        It affects your magic capacity (+9).
   Stlth:     It makes you more stealthy.
 N - the +11 shortbow of Wymev (weapon) {speed, rPois rC+ Int+6}
   (You found it on level 7 of the Dungeon)

   Attacks with this weapon are significantly faster.
   Int:       It affects your intelligence (+6).
   rC:        It protects you from cold.
   rPois:     It protects you from poison.
 R - the +7 trident of Popular Demand {flame, rC+ Str+4}
   (You took it off a centaur on level 8 of the Dungeon)

   It burns those it strikes, dealing additional fire damage.
   Str:       It affects your strength (+4).
   rC:        It protects you from cold.
Missiles
 c - 20 curare-tipped darts
 I - 6 throwing nets
Armour
 s - the +2 hat of the Bear Spirit (worn) {Spirit, *Rage Will++}
   (You bought it in a shop on level 2 of the Dungeon)

   Going berserk makes the wearer tougher, and they're slowed less afterward.
   *Rage:     It berserks you when you make melee attacks (+20% chance).
   Will:      It greatly increases your willpower.
 y - the +3 warlock's mirror {reflect}
   (You found it on level 3 of the Depths)

   It can block and reflect piercing ranged attacks and magical attacks against
   the wielder's willpower.
 J - the +2 cloak of Compression (worn) {Int+4 Dex+3}
   (You found it on level 4 of the Depths)

   Int:       It affects your intelligence (+4).
   Dex:       It affects your dexterity (+3).
 U - the +4 skin of Zhor (worn) {*Englaciate rC+++ SInv}
   (You found it on level 5 of the Lair of Beasts)

   It radiates cold, occasionally slowing all nearby creatures who are not
   resistant to cold.
   rC:        It renders you almost immune to cold.
   SInv:      It lets you see invisible.
Jewellery
 b - an amulet of guardian spirit
 f - a ring of resist corrosion
 l - the ring of Rezyti (left hand) {rElec Dex+6 Stlth+}
   (You bought it in a shop on level 1 of the Elven Halls)

   [ring of dexterity]

   Dex:       It affects your dexterity (+6).
   rElec:     It insulates you from electricity.
   Stlth:     It makes you more stealthy.
 p - a ring of poison resistance
 v - a +6 ring of intelligence
 A - the ring of Hafyeh {rF+ MP+9}
   (You found it on level 1 of the Elven Halls)

   [ring of magical power]

   rF:        It protects you from fire.
   MP:        It affects your magic capacity (+9).
 K - a +4 ring of evasion
 L - the ring of Seozat (right hand) {rN+ AC+4}
   (You found it on level 3 of the Crypt)

   [ring of protection]

   AC:        It affects your AC (+4).
   rN:        It protects you from negative energy.
 Q - the ring of the Briny Deep {Fly Dex+3}
   (You took it off a deep elf elementalist on level 3 of the Elven Halls)

   [ring of flight]

   Dex:       It affects your dexterity (+3).
   Fly:       It grants you flight.
 Y - an amulet of magic regeneration (around neck)
 Z - a +6 ring of dexterity
Wands
 a - a wand of acid (24)
 r - a wand of mindburst (11)
 t - a wand of polymorph (26)
 u - a wand of flame (24)
 F - a wand of digging (14)
 M - a wand of iceblast (44)
 V - a wand of paralysis (43)
Scrolls
 d - 14 scrolls of blinking
 g - a scroll of brand weapon
 k - 33 scrolls of teleportation
 m - 10 scrolls of magic mapping
 C - 17 scrolls of poison
 E - 16 scrolls of fear
 G - 2 scrolls of silence
 P - 16 scrolls of fog
Potions
 e - 5 potions of berserk rage
 i - 28 potions of curing
 j - 10 potions of heal wounds
 n - 5 potions of magic
 o - 10 potions of haste
 q - 12 potions of flight
 x - 10 potions of brilliance
 z - 3 potions of ambrosia
 H - 2 potions of resistance
 O - 7 potions of might
 W - 4 potions of cancellation
 X - 8 potions of invisibility
Miscellaneous
 w - a condenser vane
 B - a lightning rod (4/4)
 D - a box of beasts


   Skills:
 - Level 19.2(24.2) Fighting
 - Level 11.1(16.1) Polearms
 - Level 22.0(27) Ranged Weapons
 - Level 13.2(18.2) Armour
 * Level 24.6(27) Dodging
 - Level 22.6(27) Stealth
 - Level 0.1(5.1) Shields
 - Level 18.0 Spellcasting
 - Level 4.1 Hexes
 - Level 0.1 Summonings
 - Level 5.1 Necromancy
 - Level 8.1 Translocations
 - Level 0.2 Transmutations
 - Level 6.9 Fire Magic
 - Level 0.1 Ice Magic
 - Level 0.1 Air Magic
 - Level 5.2 Earth Magic
 - Level 0.2 Poison Magic
 - Level 9.1 Invocations
 - Level 9.2 Evocations


You had 35 spell levels left.
You knew the following spells:

 Your Spells              Type           Power      Damage    Failure   Level
a - Portal Projectile     Hex/Tloc       100%       N/A       1%          3
b - Ignition              Fire           26%        3d9       100%        8
c - Fire Storm            Conj/Fire      19%        8d5       100%        9
d - Borgnjor's Vile Clut  Necr/Erth      23%        N/A       8%          5

Your spell library contained the following spells:

 Spells                   Type           Power      Damage    Failure   Level
 Necrotize                Necr           100%       1d9       1%          1
 Slow                     Hex            100%       N/A       1%          1
 Ensorcelled Hibernation  Hex/Ice        62%        N/A       1%          2
 Passwall                 Tmut/Erth      28%        N/A       1%          2
 Sublimation of Blood     Necr           46%        N/A       1%          2
 Confusing Touch          Hex            41%        N/A       1%          3
 Inner Flame              Hex/Fire       48%        N/A       1%          3
 Vampiric Draining        Necr           46%        2d9       1%          3
 Passage of Golubria      Tloc           57%        N/A       1%          4
 Beastly Appendage        Tmut           44%        N/A       2%          1
 Freeze                   Ice            88%        1d10      2%          1
 Magic Dart               Conj           84%        1d7       2%          1
 Shock                    Conj/Air       88%        1d8       2%          1
 Sting                    Tmut/Pois      88%        1d7       2%          1
 Ignite Poison            Fire/Tmut/Pois 33%        N/A       2%          3
 Stone Arrow              Conj/Erth      68%        3d11      2%          3
 Dispel Undead            Necr           46%        3d18      2%          4
 Poisonous Vapours        Pois/Air       44%        N/A       3%          2
 Wereblood                Tmut           22%        N/A       3%          2
 Anguish                  Hex/Necr       22%        N/A       3%          4
 Leda's Liquefaction      Hex/Erth       22%        N/A       3%          4
 Cause Fear               Hex            20%        N/A       4%          4
 Iskenderun's Mystic Bla  Conj/Tloc      41%        2d9       4%          4
 Spider Form              Tmut/Pois      22%        N/A       6%          3
 Frozen Ramparts          Ice            44%        1d6       7%          3
 Mephitic Cloud           Conj/Pois/Air  22%        N/A       7%          3
 Ozocubu's Armour         Ice            22%        N/A       7%          3
 Swiftness                Air            22%        N/A       7%          3
 Agony                    Necr           46%        N/A       8%          5
 Lee's Rapid Deconstruct  Erth           23%        3d14*     8%          5
 Fulminant Prism          Conj/Hex       15%        3d11      10%         4
 Corpse Rot               Necr/Pois/Air  30%        N/A       11%         4
 Fireball                 Conj/Fire      19%        3d9       16%         5
 Airstrike                Air            11%        0-5+      22%         4
 Hailstorm                Conj/Ice       22%        3d7       22%         4
 Ice Form                 Ice/Tmut       22%        N/A       22%         4
 Silence                  Hex/Air        15%        N/A       26%         5
 Yara's Violent Unravell  Hex/Tmut       16%        3d8       26%         5
 Blade Hands              Tmut           11%        N/A       52%         5
 Freezing Cloud           Conj/Ice/Air   11%        6-21      52%         5
 Irradiate                Conj/Tmut      11%        3d17      52%         5
 Iskenderun's Battlesphe  Conj           21%        2d7       54%         5
 Starburst                Conj/Fire      19%        6d7       63%         6
 Statue Form              Tmut/Erth      22%        N/A       75%         6
 Iron Shot                Conj/Erth      17%        9d4       77%         6
 Dragon Form              Tmut           11%        N/A       100%        7
 Orb of Destruction       Conj           10%        9d6       100%        7
 Ozocubu's Refrigeration  Ice            11%        4d7       100%        7
 Storm Form               Tmut/Air       11%        N/A       100%        7
 Borgnjor's Revivificati  Necr           23%        N/A       100%        8
 Discord                  Hex            20%        N/A       100%        8
 Lehudib's Crystal Spear  Conj/Erth      17%        10d5      100%        8
 Chain Lightning          Conj/Air       11%        3d14      100%        9
 Death's Door             Necr           23%        N/A       100%        9
 Tukima's Dance           Hex            Unusable   N/A       N/A         3
 Summon Small Mammal      Summ           Unusable   N/A       N/A         1
 Animate Dead             Necr           Unusable   N/A       N/A         4
 Call Imp                 Summ           Unusable   N/A       N/A         2
 Animate Armour           Summ/Erth      Unusable   N/A       N/A         4
 Summon Ice Beast         Ice/Summ       Unusable   N/A       N/A         4
 Death Channel            Necr           Unusable   N/A       N/A         6
 Summon Cactus Giant      Summ           Unusable   N/A       N/A         6
 Haunt                    Necr/Summ      Unusable   N/A       N/A         7
 Summon Hydra             Summ           Unusable   N/A       N/A         7
 Infestation              Necr           Unusable   N/A       N/A         8
 Dragon's Call            Summ           Unusable   N/A       N/A         9

Dungeon Overview and Level Annotations

Branches:
Dungeon (15/15)            Temple (1/1) D:5            Lair (6/6) D:11
  Swamp (4/4) Lair:3        Snake (4/4) Lair:4        Slime (0/5) Lair:5
    Orc (2/2) D:10            Elf (3/3) Orc:2        Vaults (5/5) D:14
  Crypt (3/3) Vaults:2       Tomb (0/3) Crypt:3      Depths (4/4) D:15
    Zot (1/5) Depths:4      IceCv (visited)          WizLab (visited)

Altars:
Ashenzari
Cheibriados
Dithmenos
Elyvilon
Fedhas
Gozag
Hepliaklqana
Kikubaaqudgha
Makhleb
Nemelex Xobeh
Okawaru
Qazlal
Ru
Sif Muna
Trog
Uskayaw
Vehumet
Wu Jian
Xom
Yredelemnul
Zin
The Shining One
Jiyva

Shops:
D:2 [   D:14 *   Orc:1 *   Orc:2 :[![:   Elf:1 =   Elf:2 [   Elf:3 [
Snake:2 *   Snake:4 *   Vaults:4 [   Depths:2 [

Portals:
Hell: Depths:1 Depths:2 Depths:3 Depths:4
Abyss: Depths:3
Pandemonium: Depths:2
Ziggurat: Depths:1

Annotations:
Depths:1 1 transporter


Innate Abilities, Weirdness & Mutations

You are very small and have problems with some larger weapons.
You are too small for most types of armour.
You have supernaturally acute eyesight. (SInv)
You cover ground extremely quickly. (Speed+++)


Message History

Unknown command.
Unknown command.
Unknown command.
Unknown command.
Unknown command.
You feel much better.
Unknown command.
Unknown command.
Unknown command.
Unknown command.
Unknown command.
Fire: N) +11 shortbow of Wymev {speed, rPois rC+ Int+6}
Press: ? - help, Q - select action, (/) - cycle Shift-Dir - straight line, f/p - orb of fire
Aim: an orb of fire (moderately damaged)
You shoot an arrow. The arrow hits the orb of fire.
The orb of fire is moderately damaged.
Unknown command.
Unknown command.
Fire: N) +11 shortbow of Wymev {speed, rPois rC+ Int+6}
Press: ? - help, Q - select action, (/) - cycle Shift-Dir - straight line, f/p - orb of fire
Aim: an orb of fire (moderately damaged)
You shoot an arrow.
The arrow hits the orb of fire but does no damage.
The orb of fire is moderately damaged.
Unknown command.
Fire: N) +11 shortbow of Wymev {speed, rPois rC+ Int+6}
Press: ? - help, Q - select action, (/) - cycle Shift-Dir - straight line, f/p - orb of fire
Aim: an orb of fire (moderately damaged)
You shoot an arrow. The arrow hits the orb of fire!!
The orb of fire is heavily damaged.
You radiate an aura of cold.
The orb of fire is unaffected.
Unknown command.
Fire: N) +11 shortbow of Wymev {speed, rPois rC+ Int+6}
Press: ? - help, Q - select action, (/) - cycle Shift-Dir - straight line, f/p - orb of fire
Aim: an orb of fire (heavily damaged)
You shoot an arrow. The arrow hits the orb of fire!
The orb of fire is heavily damaged.
The orb of fire emits a lurid red light.
The fireball explodes!
The fireball engulfs you!!!
You die...

######.#### ##.#
######..#.. ##..... ###
......[.#.# #.....
........#.#.##.(⌠..
........#.#.#.....#
........#.#.# ....#
..........#.# .*.
.......#..#.##+#'###
#....###..#.....@..##+#+
#.... ##.#.............
#.... #...............
+... #..##'#'######..
#.. #...#.#.# .
#.#.#.#.# #.#)#.#.#
#.#...#.# #.##..#.#


You could see an orb of fire.

Vanquished Creatures
  A dread lich (Depths:2)
  Khufu (Crypt:1)
  3 ancient liches
  Mara (Vaults:4)
  Josephina (Crypt:3)
  Bai Suzhen (Depths:1)
  the Lernaean hydra (Swamp:4)
  Frederick (Crypt:2)
  Vashnia (Snake:3)
  A caustic shrike (shapeshifter) (Depths:3)
  A golden dragon (shapeshifter) (Depths:3)
  8 caustic shrikes (Depths:4)
  3 golden dragons
  A bone dragon (Depths:4)
  Jory (Crypt:3)
  A shard shrike zombie (Crypt:3)
  An electric golem (Zot:1)
  6 tentacled monstrosities
  Rupert (Orc:2)
  A shard shrike skeleton (Crypt:3)
  5 liches
  The ghost of Fidrik the Brawler, an adept TrFi of Qazlal (Vaults:1)
  The ghost of Xegibot the Tortoise, an adept GrFi of Makhleb (Crypt:2)
  Asterion (Elf:2)
  A deep elf master archer (Elf:3)
  6 titans
  2 quicksilver dragons
  2 deep elf blademasters
  A quicksilver dragon (shapeshifter) (Depths:3)
  Gastronok (D:9)
  4 ancient champions
  7 sphinxes
  5 storm dragons
  Roxanne (Swamp:1)
  Donald (Swamp:2)
  Kirke (Snake:4)
  12 tengu reavers
  A shadow dragon (Depths:4)
  4 revenants
  A fenstrider witch (shapeshifter) (Depths:3)
  The ghost of Pimnib the Warrior, a journeyman MyWn of Dithmenos (Lair:6)
  4 fenstrider witches
  5 frost giants
  2 draconian knights
  9 deep elf sorcerers
  10 nagarajas
  Louise (Snake:4)
  An orc warlord (Vaults:3)
  7 fire giants
  An iron dragon (Vaults:5)
  8 ghouls
  15 vault wardens
  2 curse skulls (Crypt:1)
  2 draconian scorchers
  2 spriggan defenders (Depths:2)
  8 war gargoyles
  20 ironbound preservers
  14 stone giants
  8 deep elf elementalists (Elf:3)
  2 reapers (Crypt:3)
  5 ironbound thunderhulks
  20 very ugly things
  2 eleionomae
  22 vampire knights
  An entropy weaver (shapeshifter) (Depths:3)
  9 deep elf annihilators
  10 purple draconians
  7 deep elf demonologists
  6 bunyips
  2 spark wasps (shapeshifter) (Depths:3)
  Azrael (Elf:2)
  17 dire elephants
  4 spark wasps (Depths:4)
  4 yellow draconians
  3 white draconians (Depths:4)
  2 minotaurs (shapeshifter)
  A dire elephant (shapeshifter) (Depths:3)
  An entropy weaver (Vaults:3)
  An eidolon (Crypt:3)
  A blizzard demon (Depths:3)
  6 deep elf death magi
  10 ettins
  9 statues (WizLab)
  10 deep elf high priests
  2 spriggan zombies
  23 yaktaur captains
  11 great orbs of eyes
  A shambling mangrove (Swamp:4)
  17 jiangshi
  4 fire dragons
  A rakshasa (Depths:2)
  Harold (D:9)
  31 vault guards
  15 hydras
  4 salamander tyrants
  3 ogre magi
  5 ice dragons
  3 boulder beetles
  2 ghost crabs
  A fenstrider witch zombie (Crypt:3)
  7 spriggan air magi
  A hydra (shapeshifter) (Depths:3)
  A merfolk avatar (Lair:6)
  5 ironbound frosthearts
  A death knight (Crypt:3)
  11 anacondas
  A satyr (shapeshifter) (Vaults:5)
  A radroach (shapeshifter) (Depths:3)
  11 two-headed ogres
  13 naga warriors
  7 centaur warriors
  45 dancing weapons
  2 two-headed ogres (shapeshifter)
  15 vampire magi
  5 deep troll shamans (Depths:1)
  8 death yaks (IceCv)
  6 tengu warriors
  9 alligators
  3 orc high priests
  6 deep troll earth magi
  Sonja (Lair:1)
  16 naga sharpshooters
  5 shock serpents
  7 spriggan berserkers
  Urug (Lair:5)
  7 hell knights
  2 soul eaters
  3 storm dragon zombies (Crypt:3)
  12 spriggans
  A shock serpent (shapeshifter) (Vaults:5)
  5 iron trolls
  Amaemon (Lair:2)
  16 deep elf knights
  A titan skeleton (Depths:2)
  3 shadow wraiths
  A spectral catoblepas (Lair:6)
  3 salamander mystics (Snake:4)
  47 deep trolls
  22 skeletal warriors
  3 golden dragon zombies
  2 sea snakes
  2 deep trolls (shapeshifter)
  5 goliath frogs
  10 swamp dragons
  4 flayed ghosts
  2 spriggan druids
  A spriggan simulacrum (Crypt:3)
  A swamp dragon (shapeshifter) (Elf:1)
  6 glowing orange brains
  4 obsidian statues (Depths:3)
  15 deep elf archers
  14 ironbound convokers
  7 wizards
  13 bog bodies
  18 lindwurms
  Pikel (D:9)
  26 deep elf pyromancers
  11 phantasmal warriors
  8 necromancers
  An iron giant skeleton (Crypt:1)
  4 harpies
  5 naga ritualists
  A sphinx zombie (D:15)
  18 deep elf zephyrmancers
  An anaconda skeleton (Crypt:1)
  10 mana vipers
  8 orc knights
  2 stone giant zombies
  9 salamanders
  A fire giant zombie (Depths:1)
  5 manticores
  7 orc sorcerers
  5 cyclopes
  A moth of wrath (Zot:1)
  4 will-o-the-wisps
  A frost giant zombie (Depths:1)
  16 vault sentinels
  58 ugly things
  A wolf spider (D:15)
  Joseph (D:8)
  4 naga zombies
  A guardian serpent (Snake:4)
  A frost giant skeleton (Depths:2)
  4 dire elephant zombies
  5 elephants (Lair:6)
  5 torpor snails
  28 black mambas
  A water nymph (shapeshifter) (Elf:2)
  2 gargoyles
  A cane toad (shapeshifter) (Depths:3)
  An ice statue (IceCv)
  A fire giant skeleton (Crypt:2)
  An orange demon (Lair:2)
  2 molten gargoyles (D:11)
  14 naga magi
  8 cane toads
  A pale draconian zombie (Crypt:2)
  An elephant slug zombie (Crypt:2)
  An unseen horror (D:12)
  12 komodo dragons
  2 komodo dragons (shapeshifter)
  18 rime drakes
  A black draconian zombie (Crypt:2)
  37 yaktaurs
  Maggie (D:6)
  7 freezing wraiths
  5 kobold demonologists
  A swamp worm zombie (Crypt:3)
  A spriggan skeleton (D:15)
  2 efreet (D:14)
  2 guardian mummies (Crypt:1)
  A harpy zombie (Crypt:1)
  21 tengu conjurers
  10 trolls
  A polar bear (shapeshifter) (Elf:1)
  A tyrant leech (shapeshifter) (Depths:3)
  4 wind drakes
  15 hornets
  8 polar bears
  4 tyrant leeches
  5 saltlings (Orc:2)
  2 ice dragon zombies
  56 slime creatures
  15 blink frogs
  A spectral dream sheep (Lair:6)
  An ettin zombie (Crypt:1)
  An iron dragon simulacrum (Depths:2)
  5 dream sheep (Lair:6)
  A centaur simulacrum (Crypt:3)
  2 snapping turtles (Lair:6)
  A human simulacrum (Crypt:3)
  A jumping spider (Vaults:3)
  5 flying skulls (Crypt:1)
  2 shadows
  10 air elementals
  13 water elementals
  Sigmund (D:2)
  49 yaks
  15 vampires (Crypt:3)
  10 fire elementals
  A hog (Snake:4)
  6 wraiths
  4 wyverns
  5 humans
  An alligator snapping turtle simulacrum (Crypt:3)
  2 steam dragons
  A basilisk (Lair:3)
  A death yak simulacrum (Lair:6)
  A redback (Vaults:3)
  14 vampire mosquitoes
  Menkaure (D:7)
  A catoblepas simulacrum (Lair:6)
  A two-headed ogre zombie (Crypt:1)
  2 wargs (Orc:1)
  A swamp worm (shapeshifter) (Depths:3)
  48 nagas
  10 swamp worms
  A deep troll zombie (Crypt:1)
  A water nymph zombie (Crypt:3)
  The ghost of Anon1729 the Charlatan, an amateur KoAr (D:4)
  3 acid dragons
  2 hell hounds (Elf:2)
  17 water moccasins
  2 floating eyes
  25 orc warriors
  A swamp dragon zombie (Crypt:1)
  4 black bears
  A glowing shapeshifter skeleton (Depths:1)
  12 swamp drakes
  A tengu skeleton (Depths:1)
  6 sky beasts
  A manticore zombie (Crypt:3)
  12 ogres
  A black mamba simulacrum (Lair:6)
  13 centaurs
  28 wolves
  A phantom (D:5)
  4 lemures (D:9)
  9 kobold brigands
  11 bullfrogs
  14 earth elementals
  Blork the orc (D:6)
  6 gnoll sergeants (D:10)
  A naga simulacrum (Crypt:3)
  5 necrophages
  7 scorpions
  13 wights
  4 killer bees (D:11)
  A shapeshifter skeleton (Crypt:3)
  5 electric eels
  7 howler monkeys
  5 lava snakes (D:11)
  A bullfrog zombie (D:4)
  A wolf skeleton (Crypt:3)
  4 centaur zombies
  3 hounds
  5 human zombies
  17 orc priests
  2 jellies
  2 centaur skeletons
  Terence (D:2)
  Jessica (D:3)
  A human skeleton (D:8)
  4 iguanas
  31 orc wizards
  4 hell rats (Lair:2)
  A sky beast zombie (Crypt:2)
  An ogre skeleton (Crypt:2)
  A hound zombie (Crypt:1)
  3 mummies (Crypt:1)
  5 gnolls
  A steam dragon zombie (Crypt:3)
  A swamp drake zombie (Crypt:2)
  12 adders
  A shadow imp (D:5)
  3 white imps
  An ufetubus (D:7)
  A lava snake skeleton (Crypt:3)
  A worm (D:2)
  3 dart slugs
  79 orcs
  9 bats
  A bat skeleton (Crypt:2)
  6 endoplasms
  2 giant cockroaches
  8 goblins
  8 hobgoblins
  6 jackals (D:1)
  48 kobolds
  2 quokkas (D:1)
  5 ball pythons
  5 frilled lizards
  A gnoll zombie (Crypt:1)
  3 goblin skeletons
  A kobold zombie (D:8)
  An orc skeleton (Crypt:1)
  4 rats
  12 ball lightnings (Depths:3)
2189 creatures vanquished.

Vanquished Creatures (others)
  A vampire knight (Depths:1)
  A centaur warrior (D:14)
  An air elemental (Depths:3)
  An orc warrior (Orc:1)
  A black mamba simulacrum (Crypt:3)
  A ball lightning (Depths:3)
  A bush (Lair:6)
  2 foxfires (Swamp:1)
  58 fungi
  80 plants
147 creatures vanquished.

Grand Total: 2336 creatures vanquished

Notes
Turn   | Place    | Note
-------+----------+-------------------------------------------
     0 | D:1      | gruber the Spriggan Hunter began the quest for the Orb.
     0 | D:1      | Reached XP level 1. HP: 10/10 MP: 2/2
    59 | D:1      | Reached skill level 5 in Ranged Weapons
   159 | D:1      | Reached XP level 2. HP: 14/14 MP: 3/3
   748 | D:1      | Reached XP level 3. HP: 18/18 MP: 4/4
  1053 | D:2      | Noticed Sigmund
  1053 | D:2      | Noticed Terence
  1179 | D:2      | Killed Terence
  1180 | D:2      | Reached XP level 4. HP: 11/22 MP: 5/5
  1382 | D:2      | Found a faded altar of an unknown god.
  1449 | D:2      | Found Ineerov's Antique Armour Shop.
  1811 | D:2      | Killed Sigmund
  1812 | D:2      | Reached XP level 5. HP: 10/25 MP: 6/6
  2187 | D:2      | Identified the +1 plate armour "Forget-Me-Not" {Int+3}
  2505 | D:3      | Reached XP level 6. HP: 30/30 MP: 7/7
  2505 | D:3      | Noticed Jessica
  2507 | D:3      | Killed Jessica
  3459 | D:4      | Reached skill level 10 in Ranged Weapons
  3578 | D:4      | Reached XP level 7. HP: 31/33 MP: 6/8
  3778 | D:4      | Found a transporter.
  3780 | D:4      | Noticed Anon1729's ghost (amateur KoAr)
  3814 | D:4      | Found a transporter.
  4092 | D:5      | Entered Level 5 of the Dungeon
  4416 | D:5      | Found a glowing silver altar of Zin.
  4427 | D:5      | Found a glowing golden altar of the Shining One.
  4428 | D:5      | Found a white marble altar of Elyvilon.
  4491 | D:5      | Noticed a wraith
  4523 | D:5      | Killed a wraith
  4596 | D:5      | Reached XP level 8. HP: 6/37 MP: 7/9
  5531 | D:5      | Found a staircase to the Ecumenical Temple.
  5547 | Temple   | Entered the Ecumenical Temple
  5556 | Temple   | Became a worshipper of Warmaster Okawaru
  6592 | D:6      | Noticed Blork the orc
  6629 | D:6      | Killed Blork the orc
  6630 | D:6      | Reached skill level 3 in Dodging
  6859 | D:6      | Reached * piety under Okawaru
  6860 | D:6      | Reached skill level 4 in Dodging
  6887 | D:6      | Noticed Maggie
  6901 | D:6      | Killed Maggie
  6902 | D:6      | Reached skill level 6 in Dodging
  6902 | D:6      | Reached XP level 9. HP: 41/41 MP: 10/10
  7295 | D:7      | Found a snail-covered altar of Cheibriados.
  7345 | D:7      | Noticed Menkaure
  7365 | D:7      | Found a large runed translucent door.
  7367 | D:7      | Found a large runed translucent door.
  7385 | D:7      | Reached skill level 7 in Dodging
  7760 | D:7      | Killed Menkaure
  7761 | D:7      | Reached skill level 8 in Dodging
  7785 | D:7      | Reached ** piety under Okawaru
  7990 | D:7      | Found a large runed translucent door.
  7990 | D:7      | Found a large runed translucent door.
  7994 | D:7      | Noticed a troll
  7995 | D:7      | Noticed a komodo dragon
  8684 | D:7      | Noticed a purple ugly thing
  8877 | D:7      | Killed a purple ugly thing
  8878 | D:7      | Reached skill level 5 in Fighting
  8964 | D:7      | Killed a troll
  8964 | D:7      | Reached *** piety under Okawaru
  8965 | D:7      | Reached skill level 1 in Armour
  8965 | D:7      | Reached XP level 10. HP: 52/52 MP: 11/11
  9153 | D:7      | Identified the +11 shortbow of Wymev {speed, rPois rC+
                  | Int+6}
  9318 | D:8      | Noticed Joseph
  9330 | D:8      | Killed Joseph
  9525 | D:8      | Found a shimmering altar of Xom.
  9658 | D:8      | Reached **** piety under Okawaru
  9847 | D:8      | Identified the +7 trident of Popular Demand {flame, rC+
                  | Str+4}
  9890 | D:8      | Found a runed translucent door.
  9902 | D:8      | Reached skill level 15 in Ranged Weapons
  9917 | D:8      | Found a basalt altar of Yredelemnul.
 10273 | D:9      | Noticed a two-headed ogre
 10284 | D:9      | Killed a two-headed ogre
 10370 | D:9      | Noticed Gastronok
 10405 | D:9      | Noticed Pikel
 10444 | D:9      | Killed Pikel
 10656 | D:9      | You fall into a shaft and drop 2 floors!
 10660 | D:11     | Noticed a two-headed ogre
 10664 | D:11     | Killed a two-headed ogre
 10664 | D:11     | Reached ***** piety under Okawaru
 10684 | D:11     | Noticed a two-headed ogre
 10690 | D:11     | Killed a two-headed ogre
 10690 | D:11     | Received a gift from Okawaru
 10691 | D:11     | Reached XP level 11. HP: 56/56 MP: 12/12
 10811 | D:11     | Received a gift from Okawaru
 11285 | D:11     | Reached skill level 9 in Dodging
 11343 | D:11     | Reached skill level 10 in Dodging
 11428 | D:11     | Found a staircase to the Lair.
 11582 | D:10     | Entered Level 10 of the Dungeon
 11587 | D:10     | Noticed a two-headed ogre
 11593 | D:10     | Killed a two-headed ogre
 11594 | D:10     | Reached skill level 11 in Dodging
 11636 | D:10     | Reached skill level 12 in Dodging
 11721 | D:10     | Found an ancient bone altar of Kikubaaqudgha.
 11751 | D:10     | Found an ornate altar of the Wu Jian Council.
 11777 | D:10     | Reached ****** piety under Okawaru
 11808 | D:10     | Found a bloodstained altar of Trog.
 11917 | D:10     | Found a shimmering blue altar of Sif Muna.
 12179 | D:10     | Received a gift from Okawaru
 12294 | D:10     | Found a staircase to the Orcish Mines.
 12360 | D:10     | Reached skill level 13 in Dodging
 12371 | D:10     | Identified the +5 arbalest of Indomitability {vorpal,
                  | Int+2} (Okawaru gifted it to you on level 10 of the
                  | Dungeon)
 12371 | D:10     | Received a gift from Okawaru
 12633 | D:9      | Reached XP level 12. HP: 60/60 MP: 13/13
 12633 | D:9      | Noticed Harold
 12756 | D:9      | Killed Harold
 13055 | D:9      | Killed Gastronok
 13056 | D:9      | Reached skill level 14 in Dodging
 13237 | Lair:1   | Entered Level 1 of the Lair of Beasts
 13323 | Lair:1   | Reached skill level 15 in Dodging
 13674 | Lair:1   | Noticed Sonja
 13686 | Lair:1   | Killed Sonja
 13686 | Lair:1   | Received a gift from Okawaru
 13818 | Lair:2   | Noticed Amaemon
 13833 | Lair:2   | Killed Amaemon
 13922 | Lair:2   | Reached skill level 5 in Armour
 14840 | Lair:3   | Reached skill level 1 in Spellcasting
 14989 | Lair:3   | Reached XP level 13. HP: 65/65 MP: 19/21
 14997 | Lair:3   | Reached skill level 5 in Spellcasting
 15000 | Lair:3   | Received a gift from Okawaru
 15107 | Lair:3   | Found a staircase to the Swamp.
 15598 | Lair:3   | Found a frozen archway.
 15614 | IceCv    | Entered an ice cave
 16068 | IceCv    | Reached skill level 5 in Evocations
 16156 | IceCv    | Received a gift from Okawaru
 16415 | IceCv    | Noticed a frost giant
 16449 | IceCv    | Identified the +8 arbalest "Wivany" {flame, rC- Int+5}
                  | (Okawaru gifted it to you in an ice cave)
 16449 | IceCv    | Received a gift from Okawaru
 16512 | IceCv    | Killed a frost giant
 17540 | Lair:4   | Found a staircase to the Snake Pit.
 17715 | Lair:5   | Found a staircase to the Slime Pits.
 17715 | Lair:5   | Found a viscous altar of Jiyva.
 17995 | Lair:5   | Found the +4 skin of Zhor {*Englaciate rC+++ SInv}
 18866 | D:2      | Bought the +2 hat of the Bear Spirit {Spirit, *Rage Will++}
                  | for 820 gold pieces
 18866 | D:2      | Found the +2 hat of the Bear Spirit {Spirit, *Rage Will++}
 19271 | Lair:6   | Entered Level 6 of the Lair of Beasts
 19319 | Lair:6   | Noticed Urug
 19346 | Lair:5   | Killed Urug
 19392 | Lair:5   | Reached XP level 14. HP: 65/70 MP: 25/27
 19431 | Lair:6   | Received a gift from Okawaru
 19773 | Lair:6   | Found a runed translucent gate.
 19774 | Lair:6   | Found a runed translucent gate.
 19775 | Lair:6   | Found a runed translucent gate.
 19797 | Lair:6   | Noticed Pimnib's ghost (journeyman MyWn)
 19914 | Lair:6   | Reached skill level 16 in Dodging
 19921 | Lair:6   | Received a gift from Okawaru
 20218 | Lair:6   | Reached skill level 17 in Dodging
 20274 | Lair:6   | Reached XP level 15. HP: 73/73 MP: 28/28
 20570 | Lair:6   | Killed Pimnib's ghost
 21005 | D:4      | Killed Anon1729's ghost
 21588 | D:12     | Got the Reference Book on Battle Magic and Transmutation
 21594 | D:12     | Reached skill level 18 in Dodging
 22131 | D:13     | Reached skill level 19 in Dodging
 22506 | D:13     | Identified the +1 robe of Okawaru {+Blink} (Okawaru gifted
                  | it to you on level 13 of the Dungeon)
 22506 | D:13     | Received a gift from Okawaru
 22744 | D:14     | Reached XP level 16. HP: 57/78 MP: 21/29
 22779 | D:14     | Reached skill level 20 in Dodging
 23100 | D:14     | Found a gate to the Vaults.
 23207 | D:14     | Reached skill level 21 in Dodging
 23365 | D:14     | Found Istric's Fire Supplies.
 23525 | D:14     | Found a huge runed gate.
 23525 | D:14     | Found a huge runed gate.
 23527 | D:14     | Found a huge runed gate.
 23537 | D:14     | Found a huge runed gate.
 23537 | D:14     | Found a huge runed gate.
 23537 | D:14     | Found a huge runed gate.
 23537 | D:14     | Found a huge runed gate.
 23538 | D:14     | Found a huge runed gate.
 23538 | D:14     | Found a huge runed gate.
 23538 | D:14     | Found a huge runed gate.
 23538 | D:14     | Found a huge runed gate.
 23539 | D:14     | Found a huge runed gate.
 23540 | D:14     | Found a huge runed gate.
 23571 | D:14     | Found a huge runed gate.
 23571 | D:14     | Found a huge runed gate.
 23572 | D:14     | Found a huge runed gate.
 23575 | D:14     | Found a huge runed gate.
 23575 | D:14     | Found a huge runed gate.
 23575 | D:14     | Found a huge runed gate.
 23575 | D:14     | Found a huge runed gate.
 23575 | D:14     | Found a huge runed gate.
 23575 | D:14     | Found a huge runed gate.
 23576 | D:14     | Found a huge runed gate.
 23577 | D:14     | Found a huge runed gate.
 23578 | D:14     | Found a huge runed gate.
 23586 | D:14     | Found a huge runed gate.
 23586 | D:14     | Found a huge runed gate.
 23586 | D:14     | Found a huge runed gate.
 23586 | D:14     | Found a huge runed gate.
 23586 | D:14     | Found a huge runed gate.
 23586 | D:14     | Found a huge runed gate.
 23587 | D:14     | Found a huge runed gate.
 23588 | D:14     | Found a huge runed gate.
 23589 | D:14     | Found a huge runed gate.
 23597 | D:14     | Found a huge runed gate.
 23597 | D:14     | Found a huge runed gate.
 23617 | D:14     | Noticed a sphinx
 23943 | D:14     | Killed a sphinx
 24185 | D:14     | Reached skill level 22 in Dodging
 24224 | D:14     | Identified the +1 cloak of Icousch {rElec Dex+3} (Okawaru
                  | gifted it to you on level 14 of the Dungeon)
 24224 | D:14     | Received a gift from Okawaru
 24636 | D:15     | Entered Level 15 of the Dungeon
 24660 | D:15     | Found a staircase to the Depths.
 25334 | D:15     | Identified the +2 leather armour of Infinity {rPois}
 25961 | Orc:1    | Entered Level 1 of the Orcish Mines
 25961 | Orc:1    | You fall into a shaft and drop 1 floor!
 25961 | Orc:2    | Entered Level 2 of the Orcish Mines
 26270 | Orc:2    | Found a staircase to the Elven Halls.
 26283 | Orc:2    | Found Pummaero's Book Emporium.
 26331 | Orc:2    | Noticed Rupert
 26353 | Orc:2    | Killed Rupert
 26612 | Orc:2    | Reached skill level 10 in Fighting
 26622 | Orc:2    | Received a gift from Okawaru
 26695 | Orc:2    | Reached XP level 17. HP: 89/89 MP: 30/30
 26719 | Orc:2    | Found Sampur's Armour Shoppe.
 26721 | Orc:2    | Found Ybeiguann's Book Shoppe.
 26924 | Orc:2    | Found Zipiarchi's Armour Shop.
 27032 | Orc:2    | Found Kuupn's Distillery.
 27834 | Orc:1    | Found Inutob's General Store.
 28196 | Snake:1  | Entered Level 1 of the Snake Pit
 29000 | Snake:1  | Found a basalt altar of Yredelemnul.
 30180 | Snake:2  | Received a gift from Okawaru
 30254 | Snake:2  | Reached skill level 5 in Stealth
 30832 | Snake:2  | Received a gift from Okawaru
 31146 | Snake:2  | Found Itiach's General Store.
 31862 | Snake:3  | Reached skill level 10 in Stealth
 32034 | Snake:3  | Noticed Vashnia
 32059 | Snake:3  | Found a radiant altar of Vehumet.
 32084 | Snake:3  | Killed Vashnia
 32546 | Snake:4  | Entered Level 4 of the Snake Pit
 32720 | Snake:4  | Reached XP level 18. HP: 98/98 MP: 31/31
 32996 | Snake:4  | Reached skill level 15 in Stealth
 32996 | Snake:4  | Noticed Louise
 33035 | Snake:4  | Killed Louise
 33172 | Snake:4  | Found Qucoson's CLEARANCE SALE!.
 33216 | Snake:4  | Received a gift from Okawaru
 33344 | Snake:4  | Noticed Kirke
 33350 | Snake:4  | Killed Kirke
 33687 | Snake:4  | Got a serpentine rune of Zot
 33745 | Snake:4  | Identified the +11 arbalest of Altruism {elec, MP+9 Str+3
                  | Stlth+} (Okawaru gifted it to you on level 4 of the Snake
                  | Pit)
 33745 | Snake:4  | Received a gift from Okawaru
 34043 | Swamp:1  | Entered Level 1 of the Swamp
 34166 | Swamp:1  | Noticed Roxanne
 34179 | Swamp:1  | Killed Roxanne
 34889 | Swamp:2  | Noticed Donald
 34907 | Swamp:2  | Killed Donald
 35185 | Swamp:2  | Identified the +2 shortbow "Lenyasis" {speed, rPois rC+++
                  | Dex-4} (Okawaru gifted it to you on level 2 of the Swamp)
 35185 | Swamp:2  | Received a gift from Okawaru
 36127 | Swamp:3  | Identified the +4 ring mail of the Quick God {*Slow rElec
                  | rN+}
 36382 | Swamp:4  | Entered Level 4 of the Swamp
 37136 | Swamp:4  | Reached XP level 19. HP: 88/102 MP: 32/32
 37264 | Swamp:4  | Noticed the 27-headed Lernaean hydra
 37293 | Swamp:4  | Killed the 27-headed Lernaean hydra
 37656 | Swamp:4  | Got a decaying rune of Zot
 38214 | Vaults:1 | Entered Level 1 of the Vaults
 38251 | Vaults:1 | Received a gift from Okawaru
 38500 | Vaults:1 | Received a gift from Okawaru
 39538 | Vaults:1 | Found a runed translucent gate.
 39538 | Vaults:1 | Found a runed translucent gate.
 39538 | Vaults:1 | Found an ancient bone altar of Kikubaaqudgha.
 39538 | Vaults:1 | Noticed an ancient lich
 39538 | Vaults:1 | Noticed an ancient lich
 39538 | Vaults:1 | Noticed Fidrik's ghost (adept TrFi)
 39539 | Vaults:1 | Found a runed translucent gate.
 39835 | Vaults:2 | Reached skill level 15 in Fighting
 39921 | Vaults:2 | Received a gift from Okawaru
 40466 | Vaults:2 | Reached XP level 20. HP: 114/114 MP: 33/33
 40886 | Vaults:2 | Identified the +10 arbalest of Terror {freeze, Fragile
                  | rCorr Stlth+} (Okawaru gifted it to you on level 2 of the
                  | Vaults)
 40886 | Vaults:2 | Received a gift from Okawaru
 41925 | Vaults:2 | Found a staircase to the Crypt.
 42269 | Vaults:3 | Reached skill level 10 in Armour
 42401 | Vaults:3 | Received a gift from Okawaru
 44662 | Vaults:4 | Noticed Mara
 44673 | Vaults:4 | Noticed gruber's illusion
 44723 | Vaults:4 | Killed Mara
 44723 | Vaults:4 | Identified the +1 robe of the Locust {Harm Will+} (Okawaru
                  | gifted it to you on level 4 of the Vaults)
 44723 | Vaults:4 | Received a gift from Okawaru
 45010 | Vaults:4 | Found Tabriph's Armour Emporium.
 45267 | Vaults:4 | Reached XP level 21. HP: 121/121 MP: 34/34
 46398 | Elf:1    | Entered Level 1 of the Elven Halls
 46456 | Elf:1    | Found a radiant altar of Vehumet.
 46576 | Elf:2    | Found Gismaun's Armour Emporium.
 47012 | Elf:2    | Noticed Asterion
 47032 | Elf:2    | Killed Asterion
 47092 | Elf:2    | Reached skill level 1 in Invocations
 47393 | Elf:1    | Identified the +0 pearl dragon scales of Ajul {rF+ rN+}
                  | (Okawaru gifted it to you on level 1 of the Elven Halls)
 47393 | Elf:1    | Received a gift from Okawaru
 47451 | Elf:1    | Identified the +2 falchion "Vexuph" {venom, rPois rN+
                  | Str+4}
 47538 | Elf:1    | Reached skill level 5 in Invocations
 47586 | Elf:1    | Found Niann's Jewellery Emporium.
 47599 | Elf:1    | Bought the ring of Rezyti {rElec Dex+6 Stlth+} for 739 gold
                  | pieces
 47651 | Elf:1    | Identified the ring of Hafyeh {rF+ MP+9}
 48092 | Elf:2    | Found a runed translucent gate.
 48092 | Elf:2    | Found a runed translucent gate.
 48094 | Elf:2    | Found a runed translucent gate.
 48545 | Elf:2    | Noticed Azrael
 48556 | Elf:2    | Killed Azrael
 48651 | Elf:3    | Entered Level 3 of the Elven Halls
 48666 | Elf:3    | Found Suruehups's Armour Boutique.
 48935 | Orc:2    | Bought a book of Weapons for 448 gold pieces
 48939 | Orc:2    | Learned a level 3 spell: Portal Projectile
 49222 | Elf:3    | Reached skill level 1 in Translocations
 49270 | Elf:3    | Reached skill level 1 in Hexes
 49661 | Elf:3    | Identified the ring of the Briny Deep {Fly Dex+3}
 49672 | Elf:3    | Reached skill level 5 in Translocations
 50115 | Elf:3    | Identified the +7 hand axe of Revolt {spect, Str+4 Int+4}
 50119 | Elf:3    | Identified the +8 arbalest "Abeoru Ezid" {elec, rCorr Str+4
                  | Dex+3} (Okawaru gifted it to you on level 3 of the Elven
                  | Halls)
 50119 | Elf:3    | Received a gift from Okawaru
 50120 | Elf:3    | Reached XP level 22. HP: 90/128 MP: 35/35
 50565 | Elf:3    | Identified the -2 pair of boots "Toafo" {Str+4}
 50583 | Elf:3    | Identified the +7 scimitar of Plague {chaos, *Noise Str+8
                  | Int-3 Stlth+}
 50603 | Elf:3    | Identified the +10 dagger of the Hurling Gods {flame, Fly
                  | Will- SInv Stlth+}
 50604 | Elf:3    | Identified the +10 plate armour "Juyset" {Harm Fly rElec
                  | rCorr}
 50621 | Elf:3    | Identified the +6 trident "Giantbane" {antimagic, rF++
                  | rCorr Int-3}
 50635 | Elf:3    | Identified the +4 chain mail of the Last Hosts {rElec
                  | Str+3}
 51312 | Depths:1 | Entered Level 1 of the Depths
 51342 | Depths:1 | Found a gateway to Hell.
 51355 | Depths:1 | Found a magical portal.
 51364 | WizLab   | Entered Iskenderun's Mystic Tower
 51784 | WizLab   | Received a gift from Okawaru
 52312 | WizLab   | Reached skill level 1 in Polearms
 52314 | WizLab   | Got the Incunabulum of the Shifting Entourage
 52335 | WizLab   | Got Iskenderun's Reference Book on Conjuration
 52335 | WizLab   | Got Iskenderun's Volume of Confrontation
 52456 | Depths:1 | Received a gift from Okawaru
 52498 | Depths:1 | Noticed Bai Suzhen
 52512 | Depths:1 | Killed Bai Suzhen
 52513 | Depths:1 | Reached skill level 5 in Polearms
 52742 | Depths:1 | Found a transporter.
 53111 | Depths:1 | Found a one-way gateway to a ziggurat.
 53359 | Depths:1 | Received a gift from Okawaru
 53820 | Depths:1 | Reached skill level 10 in Polearms
 54216 | Depths:2 | Found a one-way gate leading to the halls of Pandemonium.
 54522 | Depths:2 | Identified the +1 robe of Eternal Vigilance {*Corrode rC+
                  | rN+ Will+ Stlth+} (Okawaru gifted it to you on level 2 of
                  | the Depths)
 54522 | Depths:2 | Received a gift from Okawaru
 54642 | Depths:2 | Noticed a dread lich
 54662 | Depths:2 | Killed a dread lich
 54663 | Depths:2 | Reached skill level 10 in Spellcasting
 54663 | Depths:2 | Reached XP level 23. HP: 133/133 MP: 32/38
 54732 | Depths:2 | Found Uggij's Antique Armour Shop.
 55213 | Depths:3 | Noticed a caustic shrike
 55227 | Depths:3 | Killed a caustic shrike
 55675 | Depths:3 | Identified the +2 cloak of the Gloaming {Dex+2}
 55736 | Depths:3 | Received a gift from Okawaru
 55742 | Depths:3 | Found the +3 warlock's mirror {reflect}
 55762 | Depths:3 | Found a one-way gate to the infinite horrors of the Abyss.
 55912 | Depths:3 | Identified the +4 trident "Esheyz" {venom, rPois}
 56285 | Depths:3 | Reached skill level 15 in Spellcasting
 56527 | Depths:3 | Identified the +9 spear "Hydrabane" {vorpal, rElec rC++ rN+
                  | Will-}
 56528 | Depths:3 | Identified the +6 falchion of Eternal Vigilance {vorpal,
                  | rF+ Will+}
 56708 | Depths:4 | Entered Level 4 of the Depths
 56733 | Depths:4 | Noticed a caustic shrike
 56737 | Depths:4 | Noticed a caustic shrike
 56739 | Depths:4 | Noticed a caustic shrike
 56741 | Depths:4 | Killed a caustic shrike
 56743 | Depths:4 | Noticed a caustic shrike
 56763 | Depths:4 | Killed a caustic shrike
 56776 | Depths:4 | Killed a caustic shrike
 56779 | Depths:4 | Killed a caustic shrike
 57516 | Depths:4 | Noticed a caustic shrike
 57520 | Depths:4 | Noticed a caustic shrike
 57521 | Depths:4 | Noticed a caustic shrike
 57523 | Depths:4 | Noticed a caustic shrike
 57540 | Depths:4 | Killed a caustic shrike
 57549 | Depths:4 | Killed a caustic shrike
 57560 | Depths:4 | Killed a caustic shrike
 57568 | Depths:4 | Killed a caustic shrike
 57578 | Depths:4 | Found a gate to the Realm of Zot.
 58192 | Depths:4 | Found a shimmering altar of Xom.
 58205 | Depths:4 | Identified the +7 quarterstaff "Cekhuedd" {vorpal, Dex+3}
                  | (Okawaru gifted it to you on level 4 of the Depths)
 58205 | Depths:4 | Received a gift from Okawaru
 58284 | Depths:4 | Identified the +2 cloak of Compression {Int+4 Dex+3}
 58306 | Depths:4 | Learned a level 8 spell: Ignition
 58316 | Depths:4 | Learned a level 9 spell: Fire Storm
 58316 | Depths:4 | Found a radiant altar of Vehumet.
 58447 | Depths:4 | Reached skill level 1 in Fire Magic
 58850 | Crypt:1  | Entered Level 1 of the Crypt
 58985 | Crypt:1  | Reached XP level 24. HP: 139/139 MP: 43/43
 59245 | Crypt:1  | Noticed Khufu
 60137 | Crypt:1  | Reached skill level 5 in Fire Magic
 60192 | Crypt:1  | Found a basalt altar of Yredelemnul.
 60527 | Crypt:2  | Noticed Xegibot's ghost (adept GrFi)
 60642 | Crypt:2  | Noticed Frederick
 60656 | Crypt:2  | Killed Frederick
 60819 | Crypt:1  | Killed Khufu
 61454 | Crypt:2  | Found a runed translucent door.
 61734 | Crypt:2  | Killed Xegibot's ghost
 61798 | Crypt:2  | Got the Incunabulum of the Rocks
 61810 | Crypt:2  | Learned a level 5 spell: Borgnjor's Vile Clutch
 61831 | Crypt:3  | Entered Level 3 of the Crypt
 61831 | Crypt:3  | Found a staircase to the Tomb.
 61870 | Crypt:3  | Reached skill level 1 in Necromancy
 61870 | Crypt:3  | Reached skill level 1 in Earth Magic
 61960 | Crypt:3  | Identified the ring of Dorhoihu {Ice rPois Will++ Dex-4}
 61960 | Crypt:3  | Noticed Josephina
 61990 | Crypt:3  | Killed Josephina
 61994 | Crypt:3  | Identified the +2 robe of Youthful Indiscretion {Rampage
                  | Drain Stlth+} (Okawaru gifted it to you on level 3 of the
                  | Crypt)
 61994 | Crypt:3  | Received a gift from Okawaru
 62941 | Crypt:3  | Reached skill level 5 in Necromancy
 62941 | Crypt:3  | Reached skill level 5 in Earth Magic
 64028 | Crypt:3  | Noticed Jory
 64053 | Crypt:3  | Killed Jory
 64076 | Crypt:3  | Identified the ring of Seozat {rN+ AC+4}
 64087 | Crypt:3  | Got the Disquisition on Black Secrets
 64482 | Vaults:5 | Entered Level 5 of the Vaults
 64591 | Vaults:5 | Received a gift from Okawaru
 64727 | Vaults:5 | Identified the +10 plate armour of Past Mistakes {Stlth+}
 64749 | Vaults:5 | Identified the +2 war axe of Forgiveness {protect, rPois
                  | Int+4}
 65070 | Vaults:5 | Reached XP level 25. HP: 144/144 MP: 46/46
 65165 | Vaults:5 | Found the +7 great mace "Undeadhunter" {disrupt, rN+}
 65566 | Vaults:5 | Got a silver rune of Zot
 65774 | Vaults:5 | Got Bosuilup's Volume of the Damaging Glacier
 66009 | Vaults:5 | Noticed an ancient lich
 66019 | Vaults:5 | Killed an ancient lich
 66094 | Vaults:5 | Identified the +2 trident of Okawaru's Condemnation {flame,
                  | *Noise rC++ Int+4} (Okawaru gifted it to you on level 5 of
                  | the Vaults)
 66094 | Vaults:5 | Received a gift from Okawaru
 66134 | Vaults:5 | Reached skill level 23 in Dodging
 66379 | Vaults:5 | Identified the +0 ring mail of Sepniec {rF++}
 66809 | Vaults:5 | Identified the +3 ring mail of the Evening {rElec rC- Str+4
                  | Int+2}
 67046 | Vaults:1 | Killed an ancient lich
 67054 | Vaults:1 | Reached skill level 24 in Dodging
 67069 | Vaults:1 | Killed Fidrik's ghost
 67080 | Vaults:1 | Killed an ancient lich
 67106 | Vaults:1 | Identified the ring of Weeklyat {*Slow rPois Int+6 Dex+3}
 67113 | Vaults:1 | Identified the +0 hat of Lies {*Slow rElec Int+4}
 67121 | Vaults:1 | Got Kikubaaqudgha's Catalogue of Unholy Secrets
 67277 | Zot:1    | Entered Level 1 of the Realm of Zot
 67412 | Zot:1    | Identified the +9 spear of Okawaru's Condemnation {vorpal,
                  | rPois} (Okawaru gifted it to you on level 1 of the Realm of
                  | Zot)
 67412 | Zot:1    | Received a gift from Okawaru
 67454 | Zot:1    | Noticed an orb of fire
 67465 | Zot:1    | Killed from afar by an orb of fire

Illustrated notes

Levels and vault maps discovered:
D:1:      psy_arrival_fountain, layout_loops_ring, minmay_tetromino_o4
D:2:      layout_basic, shapermc_ecumenical_altar_totnotflames, serial_shops,
          nicolae_shop_temple_entry_statues_fountains,
          kennysheep_generic_room_10, uniq_sigmund, uniq_terence
D:3:      layout_loops_ring, lexackson_kobold_supper, uniq_jessica
D:4:      layout_basic, gammafunk_ghost_mausoleum
D:5:      minmay_clustersquares, layout_basic, good_gods_temple_1,
          minmay_temple_entry_waves
D:6:      layout_loops_corners, uniq_maggie, uniq_blork_the_orc
D:7:      layout_basic, mainiacjoe_overflow_tiny_flanked,
          minmay_hollow_rounded_squares, uniq_menkaure
D:8:      layout_loops_corners, dk_yredelemnul_ordeal, lemuel_round_altar,
          uniq_joseph
D:9:      layout_basic, uniq_harold, uniq_pikel, uniq_gastronok
D:10:     layout_roguey, nzn_wu_jian_contemplation, mainiacjoe_overflow_catwalk,
          old_standard_altar, led_sif_book,
          kennysheep_orc_monster_closet_entryway
D:11:     cheibrodos_magma_flow, layout_loops_ring, due_lair_maze_entry_diamond,
          pond
D:12:     layout_gridville
D:13:     layout_basic
D:14:     layout_small_grid, skrybe_vaults_entry_preservation,
          hangedman_abyss_or_decor_lesser_grid, ebering_dispersal_statue_hall,
          nicolae_shop_fire_sale [nicolae_sub_dead_trees], door_vault
D:15:     gammafunk_depths_entry_grave, layout_loops_cross
Temple:   nicolae_temple_no_exploring_needed
Lair:1:   layout_misc_corridors, chequers_serial_rivers_marsh,
          serial_bayou_pond_e, uniq_sonja
Lair:2:   layout_cave_pods, grunt_megastairs_1, serial_bayou_shore_b,
          uniq_amaemon
Lair:3:   layout_loops_ring, swamp_mist, portal_ice_cave_rime
Lair:4:   layout_gridlike, minmay_snake_entry_guardpost_medium
Lair:5:   layout_loops_ring, slime_entry_1, hellmonk_guarded_unrand_zhor
Lair:6:   gammafunk_lair_ancient_temple, layout_loops_ring,
          gammafunk_ghost_necromancy, uniq_urug
Swamp:1:  layout_basic_swamp, evilmike_swamp_ruin_house_2, swamp_pool1,
          infiniplex_staircase_pool_2, uniq_roxanne
Swamp:2:  layout_basic_swamp, evilmike_swamp_ruin_house_4,
          cheibrodos_swamp_witchery, uniq_donald
Swamp:3:  layout_basic_swamp, serial_swamp_ruin, evilmike_swamp_ruin_rubble_1,
          evilmike_swamp_ruin_house_5, nicolae_swamp_triple_paths, swamp_pool1,
          infiniplex_staircase_pool
Swamp:4:  grunt_swamp_rune_castle, layout_basic_swamp, swamp_pool4,
          nicolae_swamp_trees_clearing, hangedman_swamp_blocks
Snake:1:  layout_layer_cave, basic_altar, drop_trap, serial_bayou_shore_a,
          serial_bayou_shore_b
Snake:2:  layout_chambers, serial_shops, nicolae_shop_trees
Snake:3:  layout_concentric_octagons, basic_altar, st_stairs_2, uniq_vashnia
Snake:4:  minmay_snake_end_coiled, layout_misc_corridors, st_stairs_12,
          nicolae_shop_clearance, uniq_louise, uniq_kirke
Orc:1:    layout_caves, serial_shops,
          nicolae_shop_temple_entry_statues_fountains
Orc:2:    hellmonk_orc_salted, layout_caves, serial_shops, shop, uniq_rupert
Elf:1:    eino_elf_arrival_altar, layout_loops_ring, serial_shops,
          nicolae_shop_stone, minivault_28
Elf:2:    nicolae_elf_blades_splatter_lattice [grunt_blade_entry_basic],
          layout_gridlike, serial_shops, nicolae_diamond_shop,
          corexii_checkpoint_a, uniq_asterion, uniq_azrael
Elf:3:    minmay_elf_hall_four_x, layout_geoelf_castle, serial_shops, shop
Vaults:1: gammafunk_ghost_crypt, vaults_room_grid,
          vaults_standard_mumra_enter_the_diamond, grunt_vaults_hallway_short,
          nicolae_vaults_asterisk, nicolae_vaults_stairing_the_circle,
          nicolae_vaults_circle_grid_a, v_pattern_5,
          nicolae_vaults_quartermaster, v_misc_24, grunt_vaults_trifunnel,
          grunt_vaults_diagonal, v_alt_pattern_4, ontoclasm_vaults_pinch,
          layout_vaults_maze_bifur
Vaults:2: vaults_room_boxed, ontoclasm_vaults_bender,
          hangedman_vaults_restitches, nicolae_vaults_what_the_h, v_misc_19,
          v_misc_3, nicolae_vaults_diagonal_hallway_7, v_alt_pattern_1,
          minmay_crypt_entry_simple_walls, layout_vaults_chaotic_city
Vaults:3: hangedman_vaults_cutoff, nicolae_vaults_shelves_hall,
          vaults_room_grunt_arrival_checkpoint, v_pattern_3, v_misc_17,
          nicolae_vaults_network_quinsquares
          [nicolae_vaults_network_quincunx_subvault,
          nicolae_vaults_network_quincunx_subvault,
          nicolae_vaults_network_quincunx_subvault,
          nicolae_vaults_network_quincunx_subvault],
          ontoclasm_vaults_decontamination, v_misc_10,
          vaults_room_hangedman_quadrants, grunt_vaults_bifocal,
          nicolae_vaults_shelves_hall, nicolae_vaults_little_squares_1,
          nicolae_vaults_circle_grid_a, grunt_vaults_hallway_short,
          layout_vaults_omnicross
Vaults:4: vaults_mumra_lcd, nicolae_vaults_murderbox, v_misc_4, v_misc_23,
          v_pattern_1, v_misc_22, ontoclasm_vaults_chip, v_misc_2, v_misc_22,
          nicolae_vaults_little_squares_3, v_misc_26, layout_vaults_quadrants,
          serial_shops, nicolae_diamond_shop, uniq_mara
Vaults:5: serial_shops
Crypt:1:  layout_misc_corridors, lemuel_mausoleum_altar_yredelemnul,
          grunt_crypt_arrival_webbed, uniq_khufu
Crypt:2:  layout_misc_corridors, hellmonk_ghost_big_iron,
          roderic_lattice_octagonal_star, uniq_frederick
Crypt:3:  due_elkab, layout_chaotic_city, grunt_ministairs_8, uniq_josephina
Depths:1: layout_forbidden_donut, enter_ziggurat_e, hell_entry,
          infiniplex_enter_wizlab_water, nicolae_diode_basic, uniq_bai_suzhen
Depths:2: hellmonk_paralyzer, layout_cave_pools, hangedman_coc_ice_floe,
          pan_entry, minmay_shop_star
Depths:3: radiant_caverns_b_rkd, abyss_entry, hell_entry
Depths:4: grunt_crosshair, layout_cave_pools, grunt_hell_entry_dis_mu,
          xom_teletrap_fun, nicolae_vehumet_radiance
Zot:1:    layout_basic, grunt_megastairs_3

Skill      XL: |  1  2  3  4  5  6  7  8  9 10 11 12 13 14 15 16 17 18 19 20 21 22 23 24 25 |
---------------+----------------------------------------------------------------------------+-----
Ranged Weapons | 5 6 8 10 12 14 17 18 19 20 22 | 22.0
Dodging        | 6 8 13 15 17 19 22 24 | 24.6
Fighting       | 5 6 10 12 15 16 17 18 19 | 19.2
Armour         | 1 2 6 7 9 12 13 | 13.2
Spellcasting   | 4 8 10 15 18 | 18.0
Evocations     | 9 |  9.2
Stealth        | 13 22 | 22.6
Invocations    | 9 |  9.1
Translocations | 8 |  8.1
Hexes          | 4 |  4.1
Polearms       | 11 | 11.1
Fire Magic     | 2 6 |  6.9
Necromancy     | 5 |  5.1
Earth Magic    | 5 |  5.2
Shields        | |  0.1
Summonings     | |  0.1
Transmutations | |  0.2
Ice Magic      | |  0.1
Air Magic      | |  0.1
Poison Magic   | |  0.2

Action                   |  1- 3 |  4- 6 |  7- 9 | 10-12 | 13-15 | 16-18 | 19-21 | 22-24 | 25-27 || total
-------------------------+-------+-------+-------+-------+-------+-------+-------+-------+-------++-------
 Fire: Shortbow          |    89 |   153 |   460 |   770 |  1091 |  2252 |  2834 |  3493 |   676 || 11818
       Arbalest          |       |       |       |       |       |   113 |       |       |    30 ||   143
 Cast: Portal Projectile |       |       |       |       |       |       |     2 |     3 |       ||     5
Invok: Heroism           |       |       |       |       |       |    13 |    17 |    18 |     5 ||    53
       Finesse           |       |       |       |       |       |     2 |     5 |    15 |     2 ||    24
Evoke: Wand              |       |       |       |       |       |     3 |       |       |       ||     3
  Use: Scroll            |       |       |       |       |    18 |     9 |     2 |     2 |       ||    31
       Potion            |       |       |       |       |     1 |     1 |       |     1 |     1 ||     4
Armor: Robe              |     5 |     5 |     3 |       |       |       |       |       |       ||    13
       Steam dragon scal |       |       |     3 |     5 |       |       |       |       |       ||     8
       Acid dragon scale |       |       |       |     3 |     3 |       |       |       |       ||     6
       Animal skin       |       |       |       |       |     4 |    21 |    21 |    19 |    16 ||    81
Dodge: Dodged            |    18 |    35 |    77 |    91 |   151 |   362 |   582 |   718 |   184 ||  2218

Table legend: (Time is in decaauts)
 A = Elapsed time spent in this place.
 B = Non-inter-level travel time spent in this place.
 C = Inter-level travel time spent in this place.
 D = Time resting spent in this place.
 E = Time spent auto-exploring this place.
 F = Levels seen in this place.
 G = Mean time per level.
                   A        B        C        D        E       F      G
               +--------+--------+--------+--------+--------+-----+--------+
         Total |  45721 |  41555 |   4166 |    781 |  30951 |  50 |  914.4 |
       Dungeon |  13596 |  11991 |   1605 |    235 |   9180 |  15 |  906.4 |
        Temple |     12 |      1 |     11 |      0 |      0 |   1 |   12.0 |
          Lair |   4126 |   3372 |    754 |      1 |   2616 |   6 |  687.7 |
         Swamp |   2884 |   2762 |    122 |    197 |   2070 |   4 |  721.0 |
     Snake Pit |   3641 |   3471 |    170 |    133 |   2665 |   4 |  910.2 |
  Orcish Mines |   1521 |   1286 |    235 |      0 |    925 |   2 |  760.5 |
   Elven Halls |   3012 |   2808 |    204 |    175 |   1879 |   3 | 1004.0 |
        Vaults |   7270 |   6742 |    528 |      0 |   4990 |   5 | 1454.0 |
         Crypt |   3626 |   3337 |    289 |      0 |   2531 |   3 | 1208.7 |
        Depths |   4286 |   4044 |    242 |      0 |   2944 |   4 | 1071.5 |
           Zot |    107 |    107 |      0 |      0 |     61 |   1 |  107.0 |
      Ice Cave |    940 |    940 |      0 |      0 |    669 |   1 |  940.0 |
        Wizlab |    696 |    696 |      0 |     38 |    416 |   1 |  696.0 |
               +--------+--------+--------+--------+--------+-----+--------+

Top non-repeatable levels by time:
Vaults:2: 1880 daAuts
Vaults:3: 1706 daAuts
     D:5: 1680 daAuts
 Crypt:3: 1659 daAuts
    D:14: 1541 daAuts
Vaults:5: 1535 daAuts
   Elf:3: 1510 daAuts
Depths:4: 1502 daAuts
     D:7: 1495 daAuts
 Crypt:1: 1421 daAuts
 Snake:1: 1210 daAuts
 Swamp:4: 1202 daAuts
     D:2: 1160 daAuts
Vaults:1: 1112 daAuts
Depths:1: 1093 daAuts
